AoeStats
← LukKing ♿

Yucatan

503468682Analyzed
4v4 RM · 1mo ago on Aug 31, 2026· 23m 12s· 8 players
Game mode
Random Map
Map size
Large (8 player)
Population
200
Speed
Normal
Resources
Standard
Victory
Conquest
Starting age
Dark Age
Ending age
Imperial Age
RankedLock teamsTeams togetherTeam positionsShared explorationLock speedFull tech treeHidden civsTurbo modeCheats
Victory
Defeat
🇨🇿 Cumans · Czechia
1011
+11
🇨🇿 Armenians · Czechia
999
+12
🇨🇿 Inca · Czechia
995
+12
🇨🇿 Franks · Czechia
878
+17
🇹🇷 Persians · Türkiye
998
-17
🇩🇪 Spanish · Germany
913
-13
🇪🇸 Gurjaras · Spain
872
-12
🇺🇸 Romans · United States
844
-10
M3TAL JUNKI3xXx
0:27 Loom
12:25 Feudal Age
13:02 Town Watch
13:11 Double-Bit Axe
13:09 Horse Collar
14:56 Fletching
15:09 Scale Mail Armor
19:11 Man-at-Arms
19:56 Scale Mail Armor
20:07 Forging
tobi12000
16:27 Feudal Age
17:32 Horse Collar
17:46 Loom
20:40 Castle Age
19:15 Stone Mining
21:51 Forging
21:47 Scale Barding Armor
22:20 Wheelbarrow
21:32 Double-Bit Axe
21:49 Heavy Plow
21:42 Gold Mining
22:48 Bloodlines
Soldier
0:58 Loom
15:13 Feudal Age
16:17 Double-Bit Axe
17:11 Wheelbarrow
17:08 Stone Mining
17:43 Fishing Lines
17:49 Horse Collar
22:28 Castle Age
spreweel
2:20 Loom
12:06 Feudal Age
14:06 Wheelbarrow
13:13 Horse Collar
13:24 Double-Bit Axe
16:38 Man-at-Arms
20:53 Castle Age
24:23 Castle Age
カニ
9:09 Loom
12:45 Feudal Age
25:21 Castle Age
LukKing ♿
10:58 Feudal Age
19:06 Man-at-Arms
21:11 Forging
23:04 Castle Age
22:33 Scale Barding Armor
22:37 Double-Bit Axe
h9ard
10:43 Feudal Age
14:18 Double-Bit Axe
14:37 Man-at-Arms
15:32 Scale Mail Armor
15:43 Forging
15:49 Horse Collar
15:54 Long Swordsman
18:26 Gold Mining
24:28 Castle Age
upreal
11:27 Feudal Age
12:47 Wheelbarrow
11:59 Double-Bit Axe
11:55 Horse Collar
14:44 Forging
15:55 Champi Runner
16:38 Scale Mail Armor
18:57 Loom
19:03 Arson
Connection lost

Rejoining the realm…

Still unreachable

The connection could not be restored.

Session expired

The server has moved on; the page needs a fresh start.